Map: 나이트쉐이드 - 래더

Players

Bunny - Winner!

  • Race: Terran Terran
  • Spawn Location: 11:00

Zanster

  • Race: Zerg Zerg
  • Spawn Location: 5:00

Event: IEM Katowice 2020

VOD

Have the link to the VOD?

Description

Time

  • Played on: Feb. 25, 2020, 4:19 a.m.
  • Length: 15:48

All games in this series

Show
View Real Time Build Order
Export as new Build Order

Bunny Terran - Winner!

Build Orders: Liberator Opening, Reaper Expand, Mech 

Get SALT Encoding   

  12  0:00  SCV  
  13  0:12  SCV  
  14  0:17  Supply Depot  
  14  0:24  SCV  
  15  0:39  SCV  
  15  0:40  Barracks  
  16  0:44  Refinery  
  16  0:51  SCV  
  17  1:03  SCV  
  18  1:15  SCV  
  19  1:27  Reaper, Orbital Command  
  20  1:39  Command Center  
  20  1:50  Supply Depot  
  20  1:52  SCV  
  21  1:59  Marine  
  22  2:05  SCV  
  22  2:08  Factory  
  23  2:13  Refinery  
  23  2:17  SCV  
  23  2:22  Barracks Reactor  
  24  2:29  SCV  
  25  2:41  SCV  
  26  2:51  Orbital Command  
  26  2:53  SCV, Starport  
  27  3:03  Hellion  
  27  3:04  Hellion  
  31  3:05  SCV  
  31  3:08  Barracks Tech Lab  
  32  3:17  SCV x2  
  34  3:24  Hellion  
  34  3:25  Supply Depot, Hellion  
  38  3:30  SCV x2  
  40  3:36  Viking  
  42  3:42  SCV x2  
  44  3:54  SCV x2  
  46  4:02  Command Center  
  46  4:06  Liberator  
  46  4:07  SCV x2  
  51  4:17  Fusion Core  
  51  4:18  Supply Depot  
  51  4:19  SCV x2  
  53  4:28  Supply Depot  
  53  4:31  Supply Depot  
  53  4:32  SCV  
  54  4:39  SCV  
  54  4:40  Hellion x2  
  54  4:44  SCV  
  60  4:51  SCV  
  61  4:57  SCV  
  62  5:01  Hellion x2  
  62  5:03  SCV  
  62  5:04  Battlecruiser, Supply Depot  
  62  5:05  Refinery  
  62  5:06  Refinery  
  73  5:10  SCV  
  74  5:15  Orbital Command  
  74  5:16  SCV  
  74  5:18  Supply Depot  
  75  5:22  SCV  
  75  5:28  SCV  
  77  5:30  Hellion x2  
  77  5:34  SCV  
  77  5:35  Weapon Refit  
  82  5:38  Orbital Command  
  82  5:40  SCV  
  83  5:46  SCV, Supply Depot  
  83  5:49  Refinery  
  84  5:51  Hellion x2  
  84  5:52  SCV  
  84  5:56  Factory  
  85  5:57  Factory  
  85  5:59  SCV, Supply Depot  
  86  6:04  SCV  
  86  6:05  SCV  
  86  6:10  Supply Depot  
  89  6:11  SCV  
  89  6:15  Battlecruiser  
  89  6:16  SCV  
  89  6:18  Engineering Bay  
  96  6:19  SCV  
  96  6:23  SCV  
  98  6:28  SCV  
  90  6:34  SCV  
  90  6:35  SCV, Hellion x2  
  90  6:40  SCV  
  90  6:45  Refinery  
  90  6:46  SCV, Factory Tech Lab  
  92  6:47  SCV, Command Center, Factory Tech Lab  
  92  6:49  Armory  
  92  6:51  Armory  
  92  6:52  SCV  
  94  6:55  Missile Turret  
  94  6:58  SCV, Missile Turret  
  94  6:59  SCV, Missile Turret  
  94  7:01  Missile Turret  
  93  7:04  SCV  
  93  7:05  Siege Tank  
  93  7:06  Siege Tank  
  100  7:13  SCV  
  100  7:14  SCV  
  100  7:15  Supply Depot x2  
  102  7:17  SCV  
  103  7:23  Battlecruiser  
  103  7:26  SCV x2  
  103  7:29  SCV  
  112  7:32  Supply Depot x2  
  112  7:40  Missile Turret, Siege Tank x2  
  112  7:41  Terran Vehicle Weapons Level 1  
  112  7:43  SCV  
  112  7:44  SCV x2  
  121  7:47  Terran Vehicle And Ship Armor Level 1  
  121  7:56  Supply Depot  
  121  7:57  Supply Depot  
  121  7:59  Supply Depot, Factory  
  121  8:01  Factory  
  121  8:02  SCV x3  
  124  8:14  SCV x2  
  124  8:15  SCV, Siege Tank x2  
  133  8:21  Missile Turret, Refinery x2, Command Center  
  133  8:25  Hellion x2  
  137  8:28  SCV x3  
  137  8:30  Missile Turret  
  137  8:33  Mag-Field Accelerator, Infernal Pre-Igniter  
  140  8:43  Starport Reactor, Factory  
  140  8:44  Factory Tech Lab  
  140  8:46  Factory Reactor  
  140  8:47  Factory  
  140  8:48  SCV  
  140  8:49  SCV x2  
  140  8:53  Cyclone  
  146  8:58  Cyclone  
  146  9:02  Cyclone  
  152  9:06  Command Center  
  152  9:07  Hellion x2, Command Center  
  156  9:15  Planetary Fortress  
  156  9:25  Cyclone  
  156  9:28  Hellion  
  156  9:29  Hellion, Factory  
  156  9:30  Cyclone  
  166  9:34  Cyclone, Factory Tech Lab  
  166  9:35  Factory Tech Lab  
  169  9:39  Planetary Fortress  
  169  9:42  Missile Turret  
  169  9:43  Hellion x2  
  173  9:46  Refinery  
  173  9:48  Hellion x8  
  173  9:49  Refinery  
  173  9:50  Hellion x2, Terran Vehicle Weapons Level 2  
  177  9:56  Cyclone, Command Center  
  180  10:01  Terran Vehicle And Ship Armor Level 2  
  180  10:05  Cyclone  
  183  10:10  Cyclone  
  186  10:16  Cyclone, Missile Turret  
  186  10:18  Cyclone  
  186  10:20  Orbital Command x2  
  192  10:22  Factory Reactor  
  192  10:26  Command Center  
  192  10:31  Cyclone  
  195  10:37  Cyclone  
  198  10:48  Cyclone  
  200  11:00  Command Center  
  200  11:02  Command Center  
  197  11:21  Command Center  
  197  11:23  Command Center, Missile Turret  
  197  11:24  Siege Tank  
  200  11:27  Command Center  
  199  11:37  Siege Tank x3  
  199  11:38  Siege Tank  
  194  11:40  Hellion  
  194  11:41  Hellion x3  
  194  11:42  Hellion x2  
  194  11:48  Planetary Fortress  
  194  11:53  Sensor Tower  
  194  11:56  Hellion  
  194  12:00  Refinery x2  
  196  12:02  Hellion  
  196  12:08  Terran Vehicle Weapons Level 3  
  198  12:09  Neosteel Armor  
  198  12:12  Advanced Ballistics  
  198  12:14  Starport  
  198  12:15  Starport  
  198  12:16  Orbital Command  
  198  12:17  Orbital Command  
  192  12:23  Siege Tank  
  192  12:24  Hellion, Siege Tank x3  
  192  12:29  Hellion  
  176  12:31  Hellion x2  
  176  12:32  Hellion x2  
  155  12:50  Thor  
  161  12:55  Thor x2  
  161  12:56  Terran Vehicle And Ship Armor Level 3  
  173  13:05  Orbital Command x2  
  173  13:13  Missile Turret  
  173  13:16  Thor x2  
  173  13:17  Hellbat x2  
  173  13:18  Hellbat x4  
  197  13:20  Liberator  
  197  13:22  Starport Reactor x2  
  200  13:47  Sensor Tower  
  200  13:48  Command Center  
  183  13:49  Missile Turret x2, Hi-Sec Auto Tracking  
  183  13:50  Liberator  
  178  13:59  Command Center  
  178  14:01  Command Center  
  178  14:02  Liberator  
  176  14:07  Planetary Fortress  
  177  14:23  SCV x3  
  179  14:29  Viking x2  
  182  14:33  Hellion x3  
  188  14:43  Siege Tank x4  
  200  14:51  Refinery  
  200  14:52  Missile Turret  
  200  14:59  Refinery  
  200  15:14  Hellion x2  
  182  15:26  SCV  
Show
View Real Time Build Order
Export as new Build Order

Zanster Zerg 

Build Orders: Hatch First, Lurkers 

Get SALT Encoding   

  12  0:00  Drone  
  13  0:12  Overlord  
  13  0:17  Drone  
  14  0:31  Drone x2  
  16  0:48  Hatchery  
  15  0:51  Drone  
  15  0:54  Drone  
  17  0:58  Drone  
  18  1:08  Extractor  
  17  1:13  Spawning Pool  
  17  1:15  Drone  
  17  1:18  Drone  
  18  1:27  Drone  
  19  1:38  Drone  
  20  1:49  Drone  
  21  2:00  Queen x2  
  25  2:02  Zergling x4  
  27  2:10  Overlord  
  27  2:12  Drone  
  28  2:16  Metabolic Boost  
  28  2:31  Drone x2  
  28  2:35  Queen  
  28  2:36  Queen  
  34  2:38  Overlord  
  34  2:40  Drone  
  34  2:42  Drone  
  36  2:48  Overlord  
  36  2:57  Drone x2  
  38  3:04  Drone  
  38  3:05  Drone  
  40  3:09  Drone  
  40  3:11  Pneumatized Carapace, Drone x2  
  43  3:24  Hatchery, Drone  
  44  3:27  Drone  
  44  3:28  Drone  
  44  3:30  Drone  
  46  3:37  Overlord  
  46  3:39  Queen  
  48  3:49  Zergling x6  
  48  3:51  Drone  
  48  3:54  Overlord  
  52  3:56  Drone  
  52  3:57  Drone x3  
  56  4:04  Drone  
  56  4:06  Lair  
  56  4:09  Overlord, Extractor  
  56  4:10  Extractor  
  56  4:15  Drone  
  56  4:20  Drone  
  56  4:21  Drone  
  56  4:23  Drone  
  59  4:24  Drone  
  59  4:25  Baneling Nest  
  59  4:29  Drone  
  59  4:30  Queen  
  62  4:33  Drone x4  
  62  4:36  Spore Crawler  
  62  4:38  Drone  
  66  4:39  Drone  
  66  4:41  Drone  
  68  4:47  Queen  
  68  4:48  Overlord  
  70  4:53  Overlord  
  70  4:55  Overlord  
  70  4:59  Spore Crawler  
  69  5:06  Overseer  
  69  5:07  Drone  
  69  5:08  Overseer, Drone  
  69  5:09  Spire  
  69  5:10  Drone x3  
  69  5:12  Drone  
  69  5:13  Drone  
  75  5:14  Drone  
  75  5:18  Drone  
  75  5:19  Drone  
  78  5:22  Drone x4  
  78  5:26  Drone  
  83  5:31  Spore Crawler  
  83  5:32  Extractor x2  
  83  5:34  Overlord, Extractor  
  79  5:38  Drone x3  
  79  5:39  Drone  
  83  5:45  Overlord, Spore Crawler  
  82  5:55  Zergling x2  
  82  5:56  Zergling x10  
  84  6:02  Overlord  
  84  6:05  Baneling x4  
  84  6:06  Drone  
  84  6:10  Drone x3  
  88  6:12  Zergling x8  
  83  6:30  Hatchery, Drone x4  
  72  6:33  Drone x6  
  72  6:35  Drone x3  
  72  6:37  Drone x2  
  74  6:44  Drone  
  67  6:47  Drone  
  67  6:49  Drone  
  67  6:50  Drone  
  70  6:58  Drone x2  
  70  7:00  Drone  
  72  7:07  Drone  
  73  7:13  Drone x2  
  75  7:21  Drone x4  
  79  7:23  Drone  
  79  7:24  Drone  
  79  7:27  Drone  
  82  7:31  Zerg Flyer Weapons Level 1  
  82  7:33  Corruptor x4  
  90  7:41  Corruptor  
  90  7:42  Corruptor x2  
  90  7:43  Corruptor  
  96  7:46  Overlord  
  98  7:52  Drone  
  98  7:53  Drone x3  
  98  7:54  Drone x3  
  105  7:59  Overlord  
  105  8:01  Roach Warren  
  105  8:02  Hydralisk Den  
  105  8:03  Drone  
  105  8:04  Drone x4  
  109  8:09  Centrifical Hooks  
  109  8:11  Drone x3  
  112  8:13  Drone x2  
  112  8:14  Drone  
  115  8:24  Corruptor x3  
  121  8:28  Overlord  
  121  8:33  Muscular Augments  
  121  8:35  Drone x2  
  121  8:38  Evolution Chamber, Baneling x4  
  121  8:40  Hydralisk x2  
  126  8:42  Evolution Chamber  
  126  8:44  Hydralisk x2  
  129  8:53  Hydralisk x5  
  139  9:00  Overlord  
  139  9:02  Drone x2  
  141  9:05  Hydralisk  
  141  9:07  Overlord  
  142  9:12  Drone  
  142  9:14  Overlord  
  137  9:17  Zerg Missile Weapons Level 1, Zerg Melee Weapons Level 1  
  137  9:19  Drone  
  137  9:23  Hatchery, Overlord  
  137  9:32  Hydralisk x7  
  137  9:33  Infestation Pit  
  137  9:34  Overlord  
  150  9:42  Drone  
  150  9:45  Drone x7, Extractor  
  157  9:47  Extractor  
  157  9:51  Hatchery  
  157  9:52  Overlord  
  155  10:02  Zerg Flyer Armor Level 1, Corruptor  
  155  10:03  Corruptor x2  
  155  10:05  Corruptor  
  163  10:07  Zergling x14  
  170  10:21  Grooved Spines, Hydralisk x4  
  169  10:22  Zergling x2  
  169  10:24  Overlord  
  178  10:28  Hydralisk  
  178  10:29  Zergling x10, Hydralisk x2  
  189  10:36  Baneling x4  
  189  10:47  Hive  
  189  10:52  Zergling x22  
  200  10:58  Lurker Den  
  193  11:12  Zergling x12  
  193  11:13  Zergling x4, Zerg Missile Weapons Level 2, Zerg Melee Weapons Level 2  
  198  11:23  Evolution Chamber  
  193  11:38  Overlord  
  182  11:41  Hydralisk  
  182  11:42  Zergling x18, Hydralisk x7  
  182  11:43  Zergling x4  
  190  11:54  Hydralisk  
  190  11:55  Zergling x14  
  199  12:01  Baneling  
  199  12:02  Baneling x12  
  199  12:05  Seismic Spines  
  199  12:06  Zerg Ground Armor Level 1  
  194  12:28  Hydralisk x6  
  194  12:29  Zergling x28  
  190  12:30  Zergling x12  
  190  12:37  Zergling x2, Hydralisk  
  182  12:43  Hydralisk  
  182  12:44  Zergling x2, Hydralisk x3  
  157  12:51  Hydralisk x10  
  155  12:54  Baneling  
  155  12:55  Baneling x8  
  172  13:00  Drone x5  
  171  13:14  Lurker x2  
  171  13:15  Lurker x2  
  171  13:18  Drone x4  
  171  13:19  Hydralisk  
  179  13:20  Zergling x20  
  179  13:25  Adaptive Talons  
  191  13:28  Drone x3  
  191  13:29  Drone  
  191  13:33  Spore Crawler  
  194  13:35  Spore Crawler  
  194  13:36  Spore Crawler  
  163  13:51  Hydralisk  
  163  13:52  Hydralisk x10  
  163  13:53  Zergling x2  
  154  13:59  Hydralisk  
  154  14:00  Zergling x8, Hydralisk  
  154  14:19  Hydralisk x7  
  154  14:20  Zergling x10  
  166  14:24  Baneling x3  
  156  14:37  Zergling x18, Hydralisk  
  156  14:38  Zergling x4  
  157  14:51  Hydralisk x4  
  157  14:52  Zergling x6  
  170  14:58  Lurker x3  
  161  15:10  Zergling x14, Hydralisk x3  
  161  15:11  Zergling x6  
  142  15:31  Zergling x2  

Tags
 
Add a new tag
Caveats
  • Supply blocks, unpowered buildings, or Contaminate may cause inaccurate times.
  • Supply counts are checked every 10 seconds.